 Dungeon Crawl Stone Soup version 0.14-a0-2019-gd9bc7f0 (webtiles) character file.

35 Faustar the Caller (level 1, -1/13 HPs)
             Began as a Vampire Summoner on Jan 19, 2014.
             Slain by a hobgoblin
             ... wielding a -1,+0 orcish club
              (5 damage)
             ... on Level 1 of the Dungeon.
             The game lasted 00:02:20 (599 turns).

Faustar the Caller (Vampire Summoner)                Turns: 599, Time: 00:02:21

HP  -1/13        AC  4     Str  7      XL: 1   Next: 91%
MP   2/3         EV 12     Int 17      God:
Gold 28          SH  0     Dex 14      Spells:  1 memorised,  3 levels left

rFire  . . .     SeeInvis +     (no weapon)
rCold  . . .     Clarity  .     a - +0 robe
rNeg   + . .     Conserve .     (no shield)
rPois  .         rCorr    .     c - +2 hat
rElec  .         rRot     .     (no cloak)
SustAb . .       Spirit   .     (no gloves)
rMut   .         Warding  .     (no boots)
Saprov . . .     Stasis   .     (no amulet)
MR     .....                    (no ring)
                                (no ring)

@: very slightly contaminated, not resistant to hostile enchantments, stealthy
A: fangs 3, see invisible, unbreathing
a: no special abilities


You were on level 1 of the Dungeon.
You were not thirsty.

You visited 1 branch of the dungeon, and saw 1 of its levels.

You collected 28 gold pieces.

Inventory:

Armour
 a - a +0 robe (worn)
 c - a +2 hat (worn)
Scrolls
 e - a scroll of fear {unknown}
 g - 3 scrolls of remove curse {unknown}
Potions
 d - 3 potions of might {unknown}
 f - a potion of heal wounds {unknown}
 h - a potion of mutation {unknown}
Books
 b - a book of Callings

   Spells                             Type                      Level
   *Summon Small Mammal               Summoning                    1
   Call Imp                           Summoning                    2
   Call Canine Familiar               Summoning                    3
   Summon Scorpions                   Summoning/Poison             4
   Summon Ice Beast                   Ice/Summoning                4


   Skills:
 - Level 2.1 Dodging
 - Level 3.0 Stealth
 * Level 2.2 Spellcasting
 + Level 4.2 Summonings


You had 3 spell levels left.
You knew the following spells:

 Your Spells              Type           Power        Failure   Level  Hunger
a - Summon Small Mammal   Summ           ###.         3%          1    #......


Dungeon Overview and Level Annotations

Branches:
Dungeon (1/16)

Altars:
Nemelex Xobeh


Innate Abilities, Weirdness & Mutations

You have razor-sharp teeth.
You have supernaturally acute eyesight.
You can survive without breathing.


Message History

The rat barely misses your grey rat.
You closely miss the hobgoblin.
The hobgoblin is almost dead.
Your grey rat barely misses the hobgoblin.
The hobgoblin barely misses you. The rat closely misses your grey rat.
You completely miss the hobgoblin.
The hobgoblin is almost dead.
Your bat disappears in a puff of smoke!
Your grey rat barely misses the hobgoblin.
The hobgoblin closely misses you.
The rat bites your grey rat but does no damage.
You hit the hobgoblin but do no damage.
The hobgoblin is almost dead.
Your grey rat closely misses the rat.
The rat misses your grey rat.
You closely miss the hobgoblin.
The hobgoblin is almost dead.
Your grey rat bites the rat.
The rat dies!
The hobgoblin hits you with an orcish club.
You die...

.. #. g. .## #.. ..# #.#
#g# #.# #%### #.# #####gr.#
#.# #######...@###.# #.#
#...%.....[# #.#
#.#####....### #.#
##.####.# #####...## #.#
........# #.##.. ...
##.####.# #.##.# #.#
........# #.##.# #.#
##.###..# #.##.###.##
#.###..#########.##......##


You could see a hobgoblin, a goblin and a friendly grey rat.

Vanquished Creatures
  An ooze (D:1)
  A giant cockroach (D:1)
2 creatures vanquished.

Vanquished Creatures (collateral kills)
  2 kobolds (D:1)
  A bat (D:1)
  A giant cockroach (D:1)
  2 giant newts (D:1)
  2 rats (D:1)
8 creatures vanquished.

Vanquished Creatures (others)
  2 bats (D:1)
  A rat (D:1)
3 creatures vanquished.

Grand Total: 13 creatures vanquished

Notes
Turn   | Place    | Note
--------------------------------------------------------------
     0 | D:1      | Faustar, the Vampire Summoner, began the quest for the Orb.
     0 | D:1      | Reached XP level 1. HP: 13/13 MP: 3/3
     0 | D:1      | Noticed a minotaur skeleton
     3 | D:1      | Noticed a minotaur skeleton
     3 | D:1      | Noticed an elf skeleton
     6 | D:1      | Noticed a troll skeleton
    10 | D:1      | Noticed an elf skeleton
    12 | D:1      | Noticed a human skeleton
    12 | D:1      | Noticed a centaur skeleton
    14 | D:1      | Noticed an elf skeleton
    14 | D:1      | Noticed an elf skeleton
    16 | D:1      | Noticed a merfolk skeleton
    18 | D:1      | Noticed a centaur skeleton
   183 | D:1      | Found a sparkling altar of Nemelex Xobeh.
   599 | D:1      | Slain by a hobgoblin

Action                   || total
-------------------------++-------
Melee: Unarmed           ||    21
 Cast: Summon Small Mamm ||    22
  Use: Potion            ||     1
 Stab: Distracted        ||     1
